 Dungeon Crawl Stone Soup version 0.26.1-11-gd32895ea62 (webtiles) character file.

Game seed: 10689500480455986707

1192 Zeld the Slicer (level 8, -11/50 HPs)
             Began as an Octopode Brigand on May 13, 2021.
             Mangled by an ogre
             ... wielding a +0 giant club
              (19 damage)
             ... on level 5 of the Dungeon.
             The game lasted 00:05:00 (5757 turns).

Zeld the Slicer (Octopode Brigand)                  Turns: 5757, Time: 00:05:00

Health: -11/50     AC:  1    Str: 12    XL:     8   Next: 43%
Magic:  8/8        EV: 13    Int: 14    God:
Gold:   223        SH:  0    Dex: 13    Spells: 7/7 levels left

rFire    . . .     SeeInvis .   e - +4 dagger
rCold    . . .     Faith    .   (no shield)
rNeg     . . .     Spirit   .   (helmet restricted)
rPois    .         Reflect  .   (no amulet)
rElec    .         Harm     .   (no ring)
rCorr    .         Rampage  .   (no ring)
Will     .....                  (no ring)
Stlth    ++........             (no ring)
HPRegen  0.16/turn              (no ring)
MPRegen  0.11/turn              (no ring)
                                (no ring)
                                (no ring)

@: glowing
A: almost no armour, stealthy swim, amphibious, 8 rings, constrict 8, camouflage
1, gelatinous body 1
a: no special abilities


You were on level 5 of the Dungeon.
You visited 1 branch of the dungeon, and saw 5 of its levels.

You collected 223 gold pieces.

Inventory:

Hand Weapons
 a - a +2 dagger
 e - a +4 dagger (weapon)
Missiles
 b - 7 poisoned darts (quivered)
 c - 2 curare-tipped darts
Jewellery
 p - a +6 ring of intelligence {unknown}
Scrolls
 d - a scroll of amnesia {unknown}
 g - a scroll of enchant armour {unknown}
 i - 6 scrolls of identify {unknown}
 m - 2 scrolls of remove curse {unknown}
 s - a scroll of blinking {unknown}
Potions
 f - a potion of berserk rage {unknown}
 h - a potion of degeneration {unknown}
 k - 2 potions of might {unknown}
 l - 2 potions of brilliance {unknown}
 n - 2 potions of flight {unknown}
 o - a potion of haste
 q - a potion of cancellation {unknown}
 r - a potion of resistance {unknown}


   Skills:
 - Level 2.0 Fighting
 * Level 8.2 Short Blades
 - Level 6.0 Throwing
 - Level 1.0 Dodging
 - Level 5.3 Stealth


You had 7 spell levels left.
You didn't know any spells.
Your spell library was empty.

Dungeon Overview and Level Annotations

Branches:
Dungeon (5/15)
 Temple: D:4-7

Altars:
Gozag
Hepliaklqana
Makhleb
Nemelex Xobeh
Sif Muna


Innate Abilities, Weirdness & Mutations

You cannot wear most types of armour.
You are very stealthy in the water. (Stealth+)
You are amphibious.
You can wear up to eight rings at the same time.
You can use your tentacles to constrict eight enemies at once.
Your skin changes colour to match your surroundings (Stealth+).
Your rubbery body absorbs attacks. (AC +1, EV +1)


Message History

The gnoll shaman mumbles some strange prayers to its god against you.
You are outlined in light.
Found a stone staircase leading up.
The ogre closely misses you.
The gnoll shaman calls upon its god to speed up the gnoll.
The gnoll seems to speed up.
The gnoll shaman calls upon its god to speed up the gnoll.
The gnoll seems to speed up.
You hear a shout!
Found 2 bubbling ruby potions.
The gnoll shaman mumbles some strange prayers to its god.
The gnoll shaman is healed somewhat.
The gnoll completely misses you.
Found a scroll labelled SUAFEU NAUFF.
There is a stone staircase leading up here.
The gnoll hits you from afar with a +0 halberd.
* * * LOW HITPOINT WARNING * * *
The gnoll barely misses you.
The ogre hits you with a +0 giant club!!
You die...

# ## #.. .# #.# .###
###.####..? ####........#
#...........#
#.....g.@..!#
#########...##g##O#.###.
.............g...........
...)..)#######....#.###..
#####..##### ######.#
...g......... #
#.g##....#### #..###.#.#
#..# #.#.#


You could see an ogre, a gnoll shaman and 2 gnolls.

Vanquished Creatures
  Pikel (D:4)
  3 ogres (D:4)
  A scorpion (D:4)
  A howler monkey (D:4)
  3 hounds
  An iguana (D:4)
  5 worker ants
  7 adders
  A gnoll (D:5)
  A white imp (D:5)
  3 oozes
  2 worms (D:2)
  2 dart slugs
  4 leopard geckos
  2 orcs
  3 ball pythons
  2 giant cockroaches
  6 goblins
  4 hobgoblins
  10 jackals
  4 quokkas
  10 bats
  8 frilled lizards
  A jackal zombie (D:5)
  9 kobolds
  A leopard gecko skeleton (D:4)
  3 rats
98 creatures vanquished.

Notes
Turn   | Place    | Note
-------+----------+-------------------------------------------
     0 | D:1      | Zeld the Octopode Brigand began the quest for the Orb.
     0 | D:1      | Reached XP level 1. HP: 14/14 MP: 1/1
   230 | D:1      | Reached XP level 2. HP: 19/19 MP: 2/2
   934 | D:2      | Reached XP level 3. HP: 13/24 MP: 3/3
  1805 | D:2      | Reached XP level 4. HP: 23/29 MP: 4/4
  2138 | D:2      | Found a shimmering blue altar of Sif Muna.
  2417 | D:2      | Found a burning altar of Makhleb.
  2423 | D:2      | Reached skill level 5 in Throwing
  2423 | D:2      | Reached XP level 5. HP: 24/34 MP: 5/5
  3462 | D:3      | Found a sparkling altar of Nemelex Xobeh.
  3463 | D:3      | Found an opulent altar of Gozag.
  3620 | D:3      | Found a hazy altar of Hepliaklqana.
  3681 | D:4      | Noticed an ogre
  3705 | D:4      | Killed an ogre
  3706 | D:4      | Reached skill level 3 in Short Blades
  3706 | D:4      | Reached XP level 6. HP: 39/39 MP: 6/6
  3824 | D:4      | Reached skill level 4 in Short Blades
  3829 | D:4      | Reached XP level 7. HP: 14/45 MP: 7/7
  4451 | D:4      | Reached skill level 5 in Short Blades
  4933 | D:4      | Noticed Pikel
  4962 | D:4      | Killed Pikel
  4963 | D:4      | Reached skill level 7 in Short Blades
  4963 | D:4      | Reached XP level 8. HP: 27/50 MP: 8/8
  5224 | D:4      | HP: 1/50 [ogre/cursed -1 giant club (32)]
  5233 | D:4      | Reached skill level 8 in Short Blades
  5705 | D:5      | Entered Level 5 of the Dungeon
  5757 | D:5      | Mangled by an ogre

Illustrated notes

Levels and vault maps discovered:
D:1:      minmay_arrival_solitary_statue, layout_basic
D:2:      cheibrodos_helix_gallery, layout_basic, lemuel_blue_sif_altar,
          makhleb_blood_cavern_becter
D:3:      layout_loops_ring, grunt_temple_overflow_opulence,
          nzn_hepliaklqana_mist_gate
D:4:      layout_loops_ring, kennysheep_path_1, uniq_pikel
D:5:      layout_basic, cheibrodos_ashenzari_chains, dk_vineyard_3

Skill      XL: |  1  2  3  4  5  6  7  8 |
---------------+-------------------------+-----
Throwing       | 3 4 5 6 |  6.0
Short Blades   | 3 4 7 8 |  8.2
Fighting       | |  2.0
Dodging        | |  1.0
Stealth        | |  5.3

Action                   |  1- 3 |  4- 6 |  7- 9 || total
-------------------------+-------+-------+-------++-------
Melee: Dagger            |    60 |    96 |    63 ||   219
       Constrict         |    12 |    21 |    12 ||    45
       Tentacles         |     8 |    18 |    15 ||    41
Throw: Dart              |       |    10 |       ||    10
  Use: Potion            |       |       |     3 ||     3
 Stab: Sleeping          |     6 |    13 |     3 ||    22
Armor: Skin              |     7 |     8 |     1 ||    16
Dodge: Dodged            |    48 |    60 |    24 ||   132
